 Dungeon Crawl Stone Soup version 0.29-a0-364-g921d912d32 (webtiles) character file.

Game seed: 17084299253761391245

86 oldriver the Skirmisher (level 4, 0/39 HPs)
             Began as a Palentonga Abyssal Knight on Apr 30, 2022.
             Was a Priest of Lugonu.
             Slain by Terence
             ... wielding a +0 flail of holy wrath
              (16 damage)
             ... on level 2 of the Dungeon.
             The game lasted 00:02:17 (2580 turns).

oldriver the Skirmisher (Palentonga Abyssal Knight) Turns: 2580, Time: 00:02:17

Health: 0/39       AC:  5    Str: 18    XL:     4   Next: 27%
Magic:  5/5        EV:  9    Int: 11    God:    Lugonu [***...]
Gold:   179        SH:  0    Dex: 10    Spells: 3/3 levels left

rFire   . . .      SeeInvis +   a - +1 hand axe
rCold   . . .      Faith    .   (no shield)
rNeg    . . .      Spirit   .   b - +0 leather armour
rPois   .          Reflect  .   (no helmet)
rElec   .          Harm     .   i - scarf {+Inv}
rCorr   .          Rampage  .   g - +0 pair of gloves
Will    .....                   (no barding)
Stlth   +.........              (no amulet)
HPRegen 0.13/turn               (no ring)
MPRegen 0.09/turn               (no ring)

@: no status effects
A: large, rugged brown scales 3, see invisible, deformed body, roll 1, armoured
tail
a: Rolling Charge, Renounce Religion, Evoke Invisibility, Depart the Abyss, Bend
Space, Banish


You were on level 2 of the Dungeon.
You worshipped Lugonu.
Lugonu was most pleased with you.
You visited 1 branch of the dungeon, and saw 3 of its levels.
You visited the Abyss 1 time.

You collected 179 gold pieces.

Inventory:

Hand Weapons
 a - a +1 hand axe (weapon)
Armour
 b - a +0 leather armour (worn)
 g - a +0 pair of gloves (worn)
 i - a scarf of invisibility (worn)
Scrolls
 d - 7 scrolls of identify {unknown}
 e - a scroll of fog {unknown}
 f - a scroll of teleportation {unknown}
 j - a scroll of amnesia {unknown}
 l - a scroll of holy word {unknown}
 m - a scroll of noise {unknown}
 n - a scroll of summoning {unknown}
 o - a scroll of immolation {unknown}
Potions
 k - 2 potions of curing


   Skills:
 + Level 4.1 Fighting
 + Level 3.5 Axes
 - Level 1.5 Armour
 - Level 0.7 Dodging
 - Level 2.0 Invocations


You had 3 spell levels left.
You didn't know any spells.
Your spell library contained the following spells:

 Spells                   Type           Power      Damage    Failure   Level
 Call Canine Familiar     Summ           0%         N/A       77%         3
 Portal Projectile        Hex/Tloc       0%         N/A       77%         3
 Leda's Liquefaction      Hex/Erth       0%         N/A       99%         4


Dungeon Overview and Level Annotations

Branches:
Dungeon (3/15)

Altars:

Annotations:
D:2 Terence
D:3 1 runed translucent door, Crazy Yiuf


Innate Abilities, Weirdness & Mutations

You are completely covered in rugged brown scales. (AC +3, +7% HP)
You have supernaturally acute eyesight. (SInv)
Armour fits poorly on your strangely shaped body.
You can roll at nearby foes to attack.
You have a long armoured tail.


Message History

Found a hunting sling.
You now have 179 gold pieces (gained 11).
A bat comes into view.
A bat is nearby!
A bat is nearby!
A bat is nearby!
Terence the Incautious comes into view.
He is wielding a +0 flail of holy wrath and wearing a +3 chain mail of fire resistance.
Terence shouts!
The bat barely misses you. There's nothing you can charge at!
You miss the bat. You tail-slap the bat.
You kill the bat!
Lugonu accepts your kill.
You see here a bat corpse.
You roll forward with a clatter of scales!
You hit Terence but do no damage.
Terence drinks a potion.
Terence goes berserk!
You hit Terence but do no damage. Terence completely misses you.
Terence hits you with a +0 flail of holy wrath!
You hit Terence but do no damage. Terence barely misses you.
Terence hits you with a +0 flail of holy wrath!
You are too injured to fight recklessly!
You are too injured to fight recklessly!
It was a potion of curing.
You feel better. Terence barely misses you.
It was a potion of cancellation.
You feel magically purged.
Terence hits you with a +0 flail of holy wrath!
Terence barely misses you.
It was a potion of heal wounds.
You feel much better. Terence barely misses you.
You hit Terence but do no damage. Your punch misses Terence.
Terence hits you with a +0 flail of holy wrath.
Terence hits you with a +0 flail of holy wrath!
You hit Terence but do no damage.
You tail-slap Terence, but do no damage.
Terence hits you but does no damage.
You barely miss Terence. Terence barely misses you. x2
You hit Terence but do no damage.
Terence hits you with a +0 flail of holy wrath.
Terence hits you with a +0 flail of holy wrath!
You die...

######## # #########
#.......# #####
#.......# ..).#
#.......# ###.#
#...@...# #.#
#...@!..# #.#
#.......#
###'#########..†....#
#...................#
#..............######
#..÷...........#
#..............#
...............##
#########.......#


You could see Terence (berserk).

Vanquished Creatures
  An adder (D:2)
  A dart slug (D:2)
  4 orcs (D:3)
  6 ball pythons
  7 endoplasms
  4 giant cockroaches
  7 goblins
  5 hobgoblins
  5 quokkas
  8 bats
  2 frilled lizards (D:2)
  8 kobolds
  5 rats
63 creatures vanquished.

Vanquished Creatures (others)
  A plant (D:3)
1 creature vanquished.

Grand Total: 64 creatures vanquished

Notes
Turn   | Place    | Note
-------+----------+-------------------------------------------
     0 | Abyss:1  | oldriver the Palentonga Abyssal Knight began the quest for
                  | the Orb.
     0 | Abyss:1  | Reached XP level 1. HP: 19/19 MP: 2/2
    15 | D:1      | Escaped the Abyss
   134 | D:1      | Reached XP level 2. HP: 20/25 MP: 3/3
   786 | D:1      | Reached *** piety under Lugonu
   914 | D:1      | Reached XP level 3. HP: 31/31 MP: 4/4
  1454 | D:2      | You fall into a shaft and drop 1 floor!
  1919 | D:3      | Found a runed translucent door.
  1920 | D:3      | Noticed Crazy Yiuf
  2110 | D:3      | Reached skill level 4 in Fighting
  2326 | D:2      | Reached XP level 4. HP: 37/39 MP: 5/5
  2568 | D:2      | Noticed Terence
  2580 | D:2      | Slain by Terence

Illustrated notes

Levels and vault maps discovered:
D:1:      giann_wishing_wells, layout_basic, ebering_dispersal_statue_hall,
          minmay_3d_cube
D:2:      layout_basic, uniq_terence
D:3:      corexii_shack_village, layout_loops_corners, grunt_ministairs_11,
          uniq_crazy_yiuf_cottage

Skill      XL: |  1  2  3 |
---------------+----------+-----
Axes           | 3 |  3.5
Fighting       | 4 |  4.1
Armour         | |  1.5
Dodging        | |  0.7
Invocations    | |  2.0

Action                   |  1- 3 |  4- 6 || total
-------------------------+-------+-------++-------
Melee: Hand axe          |   125 |    25 ||   150
       Tailslap          |    12 |     3 ||    15
 Abil: Rolling Charge    |    28 |     5 ||    33
  Use: Potion            |       |     3 ||     3
Armor: Leather armour    |    50 |     7 ||    57
Dodge: Dodged            |    55 |    13 ||    68

Table legend: (Time is in decaauts)
 A = Elapsed time spent in this place.
 B = Non-inter-level travel time spent in this place.
 C = Inter-level travel time spent in this place.
 D = Time resting spent in this place.
 E = Time spent auto-exploring this place.
 F = Levels seen in this place.
 G = Mean time per level.
                   A        B        C        D        E       F      G
               +--------+--------+--------+--------+--------+-----+--------+
         Total |   2602 |   2560 |     42 |    276 |   1912 |   4 |  650.5 |
       Dungeon |   2587 |   2545 |     42 |    276 |   1912 |   3 |  862.3 |
         Abyss |     15 |     15 |      0 |      0 |      0 |   1 |   15.0 |
               +--------+--------+--------+--------+--------+-----+--------+

Top non-repeatable levels by time:
     D:1: 1198 daAuts
     D:3: 705 daAuts
     D:2: 684 daAuts
 Abyss:1: 15 daAuts
